 Dungeon Crawl Stone Soup version 0.28-a0-683-ga8797d1ae1 (webtiles) character file.

Game seed: 10660029628862800343

83242 zishaf the Fighter (level 15, -7/102 HPs)
             Began as an Octopode Venom Mage on Oct 10, 2021.
             Was the Champion of Hepliaklqana.
             Killed from afar by Azrael (41 damage)
             ... with a fireball
             ... on level 15 of the Dungeon on Oct 19, 2021.
             The game lasted 02:15:36 (41741 turns).

zishaf the Fighter (Octopode Venom Mage)           Turns: 41741, Time: 02:15:36

Health: -7/102     AC: 11    Str:  8    XL:     15   Next: 76%
Magic:  27/27      EV: 18    Int: 26    God:    Hepliaklqana [******]
Gold:   2228       SH: 16    Dex: 13    Spells: 5/30 levels left

rFire   . . .      SeeInvis +   a - +9 falchion of the Extremes {drain, rElec rCorr Int-3 Stlth-}
rCold   + . .      Faith    .   U - +0 kite shield
rNeg    . . .      Spirit   .   (helmet restricted)
rPois   +          Reflect  +   H - amulet of reflection
rElec   +          Harm     .   A - ring of willpower
rCorr   +          Rampage  .   E - +6 ring of intelligence
Will    ++...                   J - ring of poison resistance
Stlth   ++........              L - ring of see invisible
HPRegen 0.27/turn               R - +4 ring of evasion
MPRegen 0.20/turn               n - +4 ring of protection
                                y - ring of protection from cold
                                Y - +4 ring of protection

@: no status effects
A: reduced essence, almost no armour, amphibious, 8 rings, camouflage 1,
gelatinous body 1, (nimble swimmer 1), tentacles, tentacle spike 1, iridescent
scales 1
a: Renounce Religion, Recall Ancestor, Ancestor Identity, Transference, Idealise


You were on level 15 of the Dungeon.
You worshipped Hepliaklqana.
Hepliaklqana was exalted by your worship.
You visited 3 branches of the dungeon, and saw 23 of its levels.
You also visited: Sewer and Bailey.

You collected 2660 gold pieces.
You spent 432 gold pieces at shops.

Inventory:

Hand Weapons
 a - the +9 falchion of the Extremes (weapon) {drain, rElec rCorr Int-3 Stlth-}
   (You found it on level 2 of the Lair of Beasts)

   A truly terrible weapon, it drains the life of any living foe it strikes.
   Int:       It affects your intelligence (-3).
   rElec:     It insulates you from electricity.
   rCorr:     It protects you from acid and corrosion.
   Stlth:     It makes you less stealthy.
 b - a +1 whip of electrocution
Missiles
 l - 104 sling bullets
 t - 4 throwing nets
Armour
 U - a +0 kite shield (worn)
Magical Staves
 S - a staff of conjuration
Jewellery
 n - a +4 ring of protection (on tentacle)
 y - a ring of protection from cold (on tentacle)
 A - a ring of willpower (left tentacle)
 E - a +6 ring of intelligence (right tentacle)
 F - a ring of positive energy
 H - an amulet of reflection (around mantle)
 J - a ring of poison resistance (on tentacle)
 L - a ring of see invisible (on tentacle)
 M - an amulet of the acrobat
 R - a +4 ring of evasion (on tentacle)
 Y - a +4 ring of protection (on tentacle)
Wands
 c - a wand of digging (4)
 v - a wand of mindburst (46)
 C - a wand of paralysis (7)
 K - a wand of iceblast (10)
 T - a wand of charming (12)
Scrolls
 e - 4 scrolls of identify
 g - 2 scrolls of fog
 j - 2 scrolls of fear
 m - 4 scrolls of enchant weapon
 w - 3 scrolls of amnesia
 z - a scroll of silence
 G - 2 scrolls of teleportation
 I - 4 scrolls of immolation
 P - a scroll of holy word
 W - 2 scrolls of magic mapping
 X - 3 scrolls of brand weapon
 Z - 3 scrolls of enchant armour
Potions
 d - 11 potions of flight
 f - 2 potions of ambrosia
 k - a potion of invisibility {unknown}
 o - 9 potions of curing
 p - 4 potions of heal wounds
 q - 3 potions of might
 s - a potion of magic
 x - 4 potions of brilliance
 B - 5 potions of haste
 O - 2 potions of mutation
 Q - 2 potions of berserk rage
Miscellaneous
 N - a box of beasts


   Skills:
 + Level 14.7 Fighting
 - Level 0.6 Short Blades
 - Level 2.0 Bows
 - Level 6.0 Dodging
 - Level 3.1 Stealth
 + Level 10.1 Shields
 - Level 0.1 Unarmed Combat
 + Level 8.4 Spellcasting
 - Level 7.0 Conjurations
 - Level 10.0 Hexes
 - Level 8.0 Transmutations
 - Level 6.0 Fire Magic
 - Level 4.0 Air Magic
 - Level 12.0 Poison Magic
 + Level 0.0 Invocations


You had 5 spell levels left.
You knew the following spells:

 Your Spells              Type           Power      Damage    Failure   Level
a - Sting                 Tmut/Pois      100%       1d8       1%          1
b - Poisonous Vapours     Pois/Air       100%       N/A       1%          2
c - Foxfire               Conj/Fire      100%       2x1d9     1%          1
d - Olgreb's Toxic Radia  Pois           65%        N/A       1%          4
e - Mephitic Cloud        Conj/Pois/Air  50%        N/A       1%          3
f - Inner Flame           Hex/Fire       51%        N/A       1%          3
g - Ignite Poison         Fire/Tmut/Pois 54%        N/A       1%          3
h - Alistair's Intoxicat  Tmut/Pois      38%        N/A       4%          5
i - Swiftness             Air            31%        N/A       6%          3

Your spell library contained the following spells:

 Spells                   Type           Power      Damage    Failure   Level
 Ensorcelled Hibernation  Hex/Ice        72%        N/A       1%          2
 Scorch                   Fire           84%        2d9       1%          2
 Slow                     Hex            58%        N/A       1%          2
 Static Discharge         Conj/Air       39%        N/A       1%          2
 Confusing Touch          Hex            58%        N/A       1%          3
 Conjure Flame            Conj/Fire      44%        6-21      1%          3
 Spider Form              Tmut/Pois      29%        N/A       1%          3
 Passwall                 Tmut/Erth      25%        N/A       3%          2
 Portal Projectile        Hex/Tloc       72%        N/A       3%          3
 Stone Arrow              Conj/Erth      58%        3d10      7%          3
 Flame Wave               Conj/Fire      44%        3d9       7%          4
 Sticky Flame             Conj/Fire      44%        2d6       7%          4
 Yara's Violent Unravell  Hex/Tmut       27%        3d12      7%          5
 Animate Skeleton         Necr           20%        N/A       10%         1
 Apportation              Tloc           20%        N/A       10%         1
 Freeze                   Ice            40%        1d6       10%         1
 Sandblast                Erth           20%        2d7       10%         1
 Summon Small Mammal      Summ           40%        N/A       10%         1
 Leda's Liquefaction      Hex/Erth       18%        N/A       13%         4
 Hailstorm                Conj/Ice       29%        3d8       24%         4
 Lightning Bolt           Conj/Air       19%        1d34      28%         5
 Call Canine Familiar     Summ           10%        N/A       30%         3
 Frozen Ramparts          Ice            20%        1d4       30%         3
 Freezing Cloud           Conj/Ice/Air   15%        6-21      52%         5
 Borgnjor's Vile Clutch   Necr/Erth      5%         N/A       95%         5
 Lee's Rapid Deconstruct  Erth           5%         3d7*      95%         5
 Eringya's Noxious Bog    Tmut/Pois      29%        N/A       26%         6
 Invisibility             Hex            29%        N/A       26%         6
 Statue Form              Tmut/Erth      20%        N/A       96%         6
 Simulacrum               Ice/Necr       5%         N/A       100%        6
 Summon Cactus Giant      Summ           5%         N/A       100%        6
 Maxwell's Capacitive Co  Air            15%        ∞         100%        8
 Polar Vortex             Ice            5%         N/A       100%        9


Dungeon Overview and Level Annotations

Branches:
Dungeon (15/15)            Temple (0/1) D:6            Lair (6/6) D:10
 Shoals (0/4) Lair:2        Snake (0/4) Lair:2        Slime (0/5) Lair:6
    Orc (2/2) D:12            Elf (0/3) Orc:2        Vaults (0/5) D:14
  Sewer (visited)          Bailey (visited)
 Depths: D:15

Altars:
Ashenzari
Cheibriados
Dithmenos
Fedhas
Gozag
Hepliaklqana
Okawaru
Qazlal
Trog
Vehumet
Yredelemnul
Zin
The Shining One
Jiyva
Lugonu

Shops:
D:4 =   D:7 *   Orc:2 =([*

Portals:
Abyss: Lair:6
Trove: D:15 (give 2 scrolls of acquirement)

Annotations:
D:15 Azrael


Innate Abilities, Weirdness & Mutations

Your life essence is reduced to manifest your ancestor. (-10% HP)
You cannot wear most types of armour.
You are amphibious.
You can wear up to eight rings at the same time.
Your skin changes colour to match your surroundings (Stealth+).
Your rubbery body absorbs attacks. (AC +1, EV +1)
((You are camouflaged near water. (Stealth+)))
You have tentacles for arms and can constrict up to eight enemies at once.
One of your tentacles bears a spike.
You are partially covered in iridescent scales. (AC +2)


Message History

Azrael gestures at you.
The sphere of damnation explodes!
The damnation engulfs you!
Jabu hits Azrael with a +0 broad axe of flaming!
Azrael gestures at you.
The bolt of fire hits Jabu!
Jabu resists.
The bolt of fire hits you!!
Jabu hits Azrael with a +0 broad axe of flaming.
Jabu blocks Azrael's attack.
Something hits Jabu!!
Something burns Jabu.
There is a stone staircase leading up here.
Jabu hits Azrael with a +0 broad axe of flaming!
You climb upwards.
There is a stone staircase leading down here.
Jabu is recalled.
You start resting.
Ancestor HP restored.
You start resting.
Magic restored.
You start resting.
HP restored.
There is a stone staircase leading down here.
You climb downwards.
Level annotation: Azrael
There is a stone staircase leading up here.
No target in view!
Azrael gestures at you.
The sphere of damnation explodes!
The damnation engulfs Jabu!!!
The damnation engulfs Azrael.
Azrael completely resists.
The damnation engulfs you!!
Jabu barely misses Azrael.
Azrael hits Jabu but does no damage.
Jabu hits Azrael with a +0 broad axe of flaming.
Azrael gestures at you.
The bolt of fire hits Jabu!
Jabu resists.
Jabu is destroyed!
The bolt of fire hits you!!! Azrael gestures at you.
The fireball explodes!
The fireball engulfs you!!!
You die...

...##############################
...# #......(..# #### #.#######.#
#.#######.### #...........#
#...........#
#########○..........#
.○R......○#######'###
##########○R....@..#
#..............# #.####.........#
#.# #.........# #<# #........(#
#.# ########### #####.# ......#
#######


You could see Azrael.

Vanquished Creatures
  An orc warlord (Orc:2)
  Nessos (D:12)
  Harold (Orc:1)
  3 boulder beetles
  A two-headed ogre (D:8)
  2 hydras
  3 centaur warriors
  A death knight (D:13)
  3 thrashing horrors (Lair:6)
  3 tengu warriors (D:13)
  Urug (D:12)
  3 orc high priests (Orc:2)
  A wizard (D:10)
  A deep elf zephyrmancer (D:13)
  2 orc knights
  4 slime creatures (D:13)
  2 deep elf pyromancers
  2 orc sorcerers (Orc:2)
  A cyclops (D:12)
  4 manticores
  2 ugly things
  6 elephants
  Maurice (Orc:2)
  2 centaur zombies
  4 cane toads
  A torpor snail (Lair:3)
  2 black mambas (Lair:3)
  An unseen horror (D:13)
  An efreet (D:14)
  A kobold demonologist (D:11)
  A rime drake (Lair:3)
  A freezing wraith (D:12)
  3 komodo dragons
  4 yaktaurs
  An ancient zyme (Lair:6)
  A large abomination (Lair:5)
  A wind drake (shapeshifter) (Lair:6)
  A merfolk (Lair:2)
  6 trolls
  3 polar bears (Lair:4)
  3 meliai (D:15)
  A hornet (shapeshifter) (D:14)
  A hornet (D:8)
  Grinder (D:4)
  18 blink frogs
  A shadow (D:13)
  A ynoxinul (Lair:6)
  3 redbacks (D:14)
  27 yaks
  A redback (shapeshifter) (Lair:6)
  2 wyverns
  3 hogs (Lair:5)
  A yak (shapeshifter) (D:14)
  Eustachio (D:4)
  3 basilisks
  A steam dragon (D:10)
  3 chaos spawn (Lair:6)
  A small abomination (Lair:6)
  8 vampire mosquitoes (D:13)
  A warg (Orc:1)
  3 acid dragons
  A hell hound (D:15)
  8 water moccasins
  24 orc warriors
  A necrophage (D:7)
  3 wolves (Lair:4)
  5 ogres
  3 centaurs
  2 phantoms (D:5)
  2 bullfrogs (Lair:1)
  A kobold brigand (D:11)
  A gnoll sergeant (D:9)
  2 scorpions
  A water moccasin zombie (D:5)
  14 killer bees
  4 electric eels (D:11)
  A bullfrog zombie (D:6)
  4 hounds
  Crazy Yiuf (D:4)
  9 orc priests
  A bullfrog skeleton (D:4)
  A centaur skeleton (D:6)
  Terence (D:2)
  3 iguanas (D:5)
  10 orc wizards
  A hound zombie (D:5)
  A hound skeleton (D:5)
  Robin (D:3)
  9 gnolls
  7 adders
  2 white imps (D:7)
  An ufetubus (D:5)
  2 adder skeletons (D:4)
  8 worms
  A dart slug (D:4)
  54 orcs
  4 ball pythons
  7 bats
  14 endoplasms
  3 giant cockroaches
  18 goblins
  12 hobgoblins
  14 jackals
  6 kobolds
  6 quokkas
  5 frilled lizards
  6 rats
  A spectral orc (D:3)
453 creatures vanquished.

Vanquished Creatures (collateral kills)
  Kirke (Lair:5)
  Fannar (Orc:1)
  A boulder beetle (D:11)
  4 hydras
  A two-headed ogre (D:12)
  An orc high priest (Orc:2)
  A tengu warrior (D:15)
  A thrashing horror (Lair:6)
  A phantasmal warrior (D:12)
  A deep elf pyromancer (D:12)
  2 orc knights (Orc:2)
  2 cyclopes
  A merfolk siren (Lair:2)
  A black mamba (Lair:6)
  4 elephants
  A gargoyle (D:12)
  7 cane toads
  A yaktaur (D:15)
  An efreet (D:14)
  A kobold demonologist (D:11)
  2 ancient zymes
  A guardian mummy (D:15)
  3 komodo dragons
  2 merfolk (Lair:2)
  A jumping spider (D:14)
  2 polar bears
  2 trolls
  A hornet (shapeshifter) (D:14)
  A slime creature (D:10)
  8 blink frogs
  2 wraiths
  A spriggan (Lair:6)
  Sigmund (D:6)
  14 yaks
  A redback (D:14)
  3 shadows
  3 wyverns
  A vampire (D:11)
  2 fire bats (Lair:6)
  3 basilisks
  2 fire elementals (D:15)
  2 humans (D:9)
  A chaos spawn (Lair:6)
  9 small abominations (Lair:6)
  5 vampire mosquitoes (D:13)
  3 wargs
  5 water moccasins
  3 hell hounds (D:15)
  A swamp drake (D:12)
  10 orc warriors
  A black bear (D:8)
  An ice beast (D:7)
  3 centaurs
  4 ogres
  3 wolves (Lair:4)
  A phantom (D:5)
  A kobold brigand (D:11)
  7 bullfrogs
  A gnoll sergeant (D:8)
  3 killer bees (D:8)
  3 wights (D:7)
  An electric eel (D:11)
  5 orc priests
  2 hounds (D:5)
  3 centaur zombies
  An iguana (D:6)
  4 orc wizards
  4 gnolls
  An adder (D:6)
  12 orcs
  2 kobolds (D:11)
192 creatures vanquished.

Vanquished Creatures (others)
  17 knights
  An ancestor (D:5)
  A kobold (D:11)
  111 foxfires
  50 fungi
  31 plants
211 creatures vanquished.

Grand Total: 856 creatures vanquished

Notes
Turn   | Place    | Note
-------+----------+-------------------------------------------
     0 | D:1      | zishaf the Octopode Venom Mage began the quest for the Orb.
     0 | D:1      | Reached XP level 1. HP: 11/11 MP: 3/3
   152 | D:1      | Reached XP level 2. HP: 10/17 MP: 5/5
   625 | D:1      | Learned a level 2 spell: Poisonous Vapours
   834 | D:1      | Reached XP level 3. HP: 21/21 MP: 6/6
  2051 | D:2      | Reached skill level 1 in Bows
  2067 | D:2      | Noticed Terence
  2091 | D:2      | Killed Terence
  2092 | D:2      | Reached XP level 4. HP: 27/27 MP: 2/7
  2868 | D:3      | Found a glowing drain.
  2875 | Sewer    | Entered a sewer
  3093 | Sewer    | Learned a level 1 spell: Foxfire
  4061 | D:3      | Reached XP level 5. HP: 21/32 MP: 8/8
  4277 | D:3      | Reached skill level 1 in Conjurations
  4277 | D:3      | Reached skill level 1 in Fire Magic
  4277 | D:3      | Reached skill level 5 in Poison Magic
  4532 | D:3      | Found a faded altar of an unknown god.
  4695 | D:3      | Found a radiant altar of Vehumet.
  5073 | D:3      | Found a hazy altar of Hepliaklqana.
  5198 | D:3      | Became a worshipper of Hepliaklqana the Forgotten
  5297 | D:3      | Reached XP level 6. HP: 16/37 MP: 4/9
  6013 | D:3      | Learned a level 4 spell: Olgreb's Toxic Radiance
  6112 | D:4      | Found Caploris's Jewellery Shop.
  6139 | D:4      | Found a shadowy altar of Dithmenos.
  6158 | D:4      | Found a stormy altar of Qazlal.
  6161 | D:4      | Noticed Robin
  6424 | D:4      | Noticed Grinder
  6758 | D:3      | Killed Robin
  6921 | D:4      | Found a snail-covered altar of Cheibriados.
  7252 | D:4      | Killed Grinder
  7253 | D:4      | Reached XP level 7. HP: 8/42 MP: 4/11
  7548 | D:4      | Noticed Eustachio
  7556 | D:4      | Killed Eustachio
  7593 | D:4      | Found a runed translucent door.
  7594 | D:4      | Noticed Crazy Yiuf
  7658 | D:4      | Killed Crazy Yiuf
  7862 | D:5      | Entered Level 5 of the Dungeon
  7862 | D:5      | Reached * piety under Hepliaklqana
  7943 | D:5      | Reached skill level 1 in Fighting
  8087 | D:5      | Reached XP level 8. HP: 43/43 MP: 5/12
  8465 | D:5      | Found a glowing golden altar of the Shining One.
  8486 | D:5      | Reached skill level 2 in Fighting
 10057 | D:5      | Reached skill level 3 in Fighting
 10348 | D:6      | Reached ** piety under Hepliaklqana
 10349 | D:6      | Remembered your ancestor Jabu as a knight
 10399 | D:6      | Noticed Sigmund
 10409 | D:6      | Killed Sigmund
 10410 | D:6      | Reached skill level 4 in Fighting
 10597 | D:6      | Reached skill level 5 in Fighting
 11048 | D:6      | Found a staircase to the Ecumenical Temple.
 11283 | D:6      | Found a bloodstained altar of Trog.
 11305 | D:6      | Reached XP level 9. HP: 17/55 MP: 11/15
 11317 | D:6      | Learned a level 3 spell: Mephitic Cloud
 11321 | D:6      | Learned a level 3 spell: Inner Flame
 11948 | D:7      | Reached skill level 6 in Fighting
 11948 | D:7      | Reached skill level 1 in Hexes
 11948 | D:7      | Reached skill level 1 in Air Magic
 12863 | D:7      | Found Becloar's Serpentskin Sales.
 13004 | D:8      | Reached skill level 7 in Fighting
 13006 | D:8      | Noticed a hornet
 13143 | D:8      | Killed a hornet
 13199 | D:8      | Noticed a two-headed ogre
 13229 | D:8      | Found a blossoming altar of Fedhas.
 13234 | D:8      | Killed a two-headed ogre
 13235 | D:8      | Reached skill level 8 in Fighting
 13235 | D:8      | Reached skill level 5 in Hexes
 13235 | D:8      | Reached XP level 10. HP: 64/64 MP: 6/16
 13988 | D:8      | Reached *** piety under Hepliaklqana
 14328 | D:8      | Reached skill level 9 in Fighting
 15179 | D:9      | Reached skill level 1 in Shields
 15277 | D:9      | Found an iron altar of Okawaru.
 16194 | D:9      | Found a glowing silver altar of Zin.
 16564 | D:10     | Entered Level 10 of the Dungeon
 16637 | D:10     | Reached XP level 11. HP: 72/72 MP: 4/17
 16656 | D:10     | Found a staircase to the Lair.
 16671 | D:10     | Reached skill level 5 in Fire Magic
 16677 | D:10     | HP: 1/72 [komodo dragon (32)]
 17074 | D:10     | Found a basalt altar of Yredelemnul.
 18501 | D:10     | Noticed a wizard
 18534 | D:10     | Killed a wizard
 18535 | D:10     | Reached skill level 10 in Poison Magic
 18622 | D:10     | Noticed a manticore
 18834 | D:10     | Killed a manticore
 18856 | D:10     | Noticed a boulder beetle
 18865 | D:10     | Killed a boulder beetle
 18903 | D:10     | Noticed a cyclops
 18957 | D:10     | Killed a cyclops
 19061 | Lair:1   | Entered Level 1 of the Lair of Beasts
 19106 | Lair:1   | Reached skill level 5 in Dodging
 19171 | Lair:1   | Reached **** piety under Hepliaklqana
 20211 | Lair:2   | Reached XP level 12. HP: 78/78 MP: 3/19
 20362 | Lair:2   | Identified the +9 falchion of the Extremes {drain, rElec
                  | rCorr Int-3 Stlth-}
 20494 | Lair:2   | Noticed a five-headed hydra
 20506 | Lair:2   | Killed a five-headed hydra
 20507 | Lair:2   | Reached skill level 5 in Spellcasting
 20656 | Lair:2   | Found a staircase to the Snake Pit.
 20922 | Lair:2   | Reached skill level 10 in Fighting
 21071 | Lair:2   | Found a staircase to the Shoals.
 21859 | Lair:3   | Reached skill level 5 in Conjurations
 22004 | Lair:3   | Upgraded the game from 0.28-a0-631-g0446da8ef9 to
                  | 0.28-a0-683-ga8797d1ae1
 22166 | Lair:3   | Noticed a four-headed hydra
 22177 | Lair:3   | Killed a four-headed hydra
 22449 | Lair:3   | Gained mutation: You are partially covered in iridescent
                  | scales. (AC +2) [potion of mutation]
 22449 | Lair:3   | Gained mutation: One of your tentacles bears a spike.
                  | [potion of mutation]
 22841 | Lair:3   | Reached ***** piety under Hepliaklqana
 23189 | Lair:4   | Reached skill level 11 in Fighting
 23204 | Lair:4   | Reached XP level 13. HP: 65/85 MP: 15/23
 23288 | Lair:4   | Learned a level 3 spell: Ignite Poison
 24722 | Lair:4   | Found a blossoming altar of Fedhas.
 24957 | Lair:4   | Reached skill level 5 in Transmutations
 25555 | Lair:5   | Noticed Kirke
 25575 | Lair:5   | Killed Kirke
 26643 | Lair:6   | Entered Level 6 of the Lair of Beasts
 27160 | Lair:6   | Reached skill level 12 in Fighting
 27540 | Lair:6   | Reached XP level 14. HP: 92/92 MP: 25/25
 27684 | Lair:6   | Found a viscous altar of Jiyva.
 27684 | Lair:6   | Found a staircase to the Slime Pits.
 28042 | Lair:6   | Learned a level 5 spell: Alistair's Intoxication
 28056 | Lair:6   | Reached skill level 5 in Shields
 28558 | Lair:5   | Learned a level 3 spell: Swiftness
 29850 | Lair:6   | Found a corrupted altar of Lugonu.
 29850 | Lair:6   | Found a one-way gate to the infinite horrors of the Abyss.
 31019 | D:11     | Found a broken altar of Ashenzari.
 32187 | D:12     | Reached skill level 10 in Hexes
 32200 | D:12     | Noticed Urug
 32209 | D:12     | Killed Urug
 32506 | D:12     | Noticed Nessos
 32517 | D:12     | Killed Nessos
 33171 | D:12     | Reached ****** piety under Hepliaklqana
 33215 | D:12     | Found a staircase to the Orcish Mines.
 34574 | D:13     | Reached skill level 13 in Fighting
 35723 | D:4      | Bought a +4 ring of protection for 432 gold pieces
 35938 | Orc:1    | Entered Level 1 of the Orcish Mines
 35943 | Orc:1    | Reached XP level 15. HP: 86/99 MP: 15/27
 35947 | Orc:1    | Noticed Fannar
 35954 | Orc:1    | Killed Fannar
 36071 | Orc:1    | Noticed Harold
 36112 | Orc:1    | Found a flagged portal.
 36125 | Bailey   | Entered a bailey
 36737 | Orc:1    | Killed Harold
 36914 | Orc:1    | You fall into a shaft and drop 1 floor!
 36914 | Orc:2    | Entered Level 2 of the Orcish Mines
 36914 | Orc:2    | Found Sotwykax's General Store.
 37218 | Orc:2    | Found a staircase to the Elven Halls.
 37329 | Orc:2    | Found Yfyunel's Antique Armour Boutique.
 37365 | Orc:2    | Noticed an orc warlord
 37651 | Orc:2    | Killed an orc warlord
 37652 | Orc:2    | Reached skill level 14 in Fighting
 37918 | Orc:2    | Found Tina's Antique Weapon Shoppe.
 38168 | Orc:2    | Found Zyraeh's Jewellery Emporium.
 38348 | Orc:2    | Noticed Maurice
 38353 | Orc:2    | Killed Maurice
 38958 | D:14     | Found an opulent altar of Gozag.
 39649 | D:14     | Found a gate to the Vaults.
 39937 | D:15     | Entered Level 15 of the Dungeon
 40154 | D:15     | Noticed Azrael
 40715 | D:15     | Found a portal to a secret trove of treasure.
 41321 | D:15     | Reached skill level 10 in Shields
 41741 | D:15     | Killed from afar by Azrael

Illustrated notes

Levels and vault maps discovered:
D:1:      sevenhm_arrival_forest_fort_large_2, layout_basic
D:2:      layout_basic, uniq_terence
D:3:      layout_loops_ring, vehumet_crystals,
          nicolae_hepliaklqana_monster_ancestors, basic_ecumenical_altar,
          cheibrodos_sewer_entry_sluice, roderic_roman_lattice
D:4:      layout_rooms, kennysheep_little_box,
          mainiacjoe_overflow_catch_the_wave, minmay_shop_enchanted_jewellery,
          uniq_crazy_yiuf_cottage, uniq_grinder, uniq_robin, uniq_eustachio
D:5:      layout_cave_pools, tso_oasis_becter
D:6:      layout_basic, mainiacjoe_overflow_boulevard, minmay_temple_entry_hall,
          hex_large, uniq_sigmund
D:7:      layout_cave_pools, guppyfry_shop_venom
D:8:      layout_layer_cave, mainiacjoe_overflow_concentric_impassable
D:9:      layout_loops_ring, lemuel_doored_altar, okawaru_humans
D:10:     minmay_blocky_corners, layout_loops_ring,
          nicolae_overflow_hidden_temple, grunt_lair_entry_orc_guard_hut,
          statue_in_the_mist_lemuel, minmay_quadrilaterals
D:11:     layout_basic, evilmike_ruin_ashenzari
D:12:     layout_loops_ring, erik_orc_1, uniq_urug, uniq_nessos
D:13:     layout_loops_ring, lightli_corner_chamber
D:14:     layout_cave_pools, david_vaults_2, nicolae_gozag_seed_capital
D:15:     grunt_enter_depths_snipers, layout_basic,
          nicolae_trove_entry_path_of_doom, uniq_azrael
Lair:1:   layout_cave_pods, grunt_megastairs_2
Lair:2:   layout_long_grid, elwin_shoals_entry_stream, dummy_snake_entry,
          patterned_corridor
Lair:3:   layout_cave_pods, serial_bayou_shore_b
Lair:4:   layout_cave_pods, basic_altar, beast_lair_carwin_5
Lair:5:   layout_cave_pods, uniq_kirke
Lair:6:   hellmonk_lair_end_abyssal_woods, layout_gridlike,
          dpeg_slime_entry_enclosed_altar
Orc:1:    layout_caves, enter_bailey_4, mines2_lemuel, uniq_harold, uniq_fannar
Orc:2:    grunt_orc_gardens, layout_caves, grunt_orc_garden, grunt_orc_garden,
          grunt_orc_garden, grunt_orc_garden, uniq_maurice

Skill      XL: |  1  2  3  4  5  6  7  8  9 10 11 12 13 14 15 |
---------------+----------------------------------------------+-----
Poison Magic   | 4 5 6 7 10 11 12 | 12.0
Stealth        | 3 |  3.1
Bows           | 1 2 |  2.0
Conjurations   | 1 2 3 4 6 7 |  7.0
Fire Magic     | 1 2 3 4 5 6 |  6.0
Dodging        | 3 4 5 6 |  6.0
Spellcasting   | 3 4 6 7 8 |  8.4
Fighting       | 1 5 8 9 11 12 13 14 | 14.7
Hexes          | 5 7 8 9 10 | 10.0
Air Magic      | 2 3 4 |  4.0
Shields        | 2 4 7 10 | 10.1
Transmutations | 2 4 6 8 |  8.0
Short Blades   | |  0.6
Unarmed Combat | |  0.1

Action                   |  1- 3 |  4- 6 |  7- 9 | 10-12 | 13-15 || total
-------------------------+-------+-------+-------+-------+-------++-------
Melee: Unarmed           |    14 |       |       |       |       ||    14
       Constrict         |    15 |    46 |    24 |    30 |    72 ||   187
       Tentacles         |    13 |    29 |    28 |    40 |    95 ||   205
       Dagger            |    44 |   176 |   134 |   133 |       ||   487
       Spear             |       |    19 |       |       |       ||    19
       Falchion          |       |       |       |    56 |   470 ||   526
       Kick              |       |       |       |     5 |   136 ||   141
       Whip              |       |       |       |       |     2 ||     2
 Fire: Shortbow          |    40 |    25 |       |       |       ||    65
 Cast: Sting             |     9 |     1 |       |     1 |     1 ||    12
       Poisonous Vapours |     4 |    43 |    61 |    70 |     1 ||   179
       Foxfire           |       |    11 |    11 |    18 |    26 ||    66
       Mephitic Cloud    |       |       |     3 |     7 |    18 ||    28
       Olgreb's Toxic Ra |       |       |       |    24 |   118 ||   142
       Inner Flame       |       |       |       |     5 |     9 ||    14
       Ignite Poison     |       |       |       |       |    39 ||    39
       Swiftness         |       |       |       |       |     8 ||     8
       Alistair's Intoxi |       |       |       |       |     5 ||     5
Invok: Recall Ancestor   |       |       |     2 |     2 |     4 ||     8
       Ancestor Life: Kn |       |       |     1 |       |       ||     1
       Transference      |       |       |       |     1 |     2 ||     3
Evoke: Box of beasts     |       |       |       |     1 |       ||     1
       Wand              |       |       |       |       |    13 ||    13
  Use: Scroll            |       |     8 |    10 |     3 |    14 ||    35
       Potion            |       |       |       |     1 |     3 ||     4
 Stab: Sleeping          |       |     8 |     9 |     7 |     6 ||    30
       Distracted        |       |       |     2 |     4 |     6 ||    12
       Confused          |       |       |       |     1 |     2 ||     3
Armor: Skin              |     6 |    13 |     9 |     7 |    71 ||   106
Dodge: Dodged            |    33 |   119 |    89 |   115 |   389 ||   745
Block: Buckler           |       |       |       |   110 |   414 ||   524
       Reflection        |       |       |       |     7 |    38 ||    45
       Kite shield       |       |       |       |       |    31 ||    31

Table legend: (Time is in decaauts)
 A = Elapsed time spent in this place.
 B = Non-inter-level travel time spent in this place.
 C = Inter-level travel time spent in this place.
 D = Time resting spent in this place.
 E = Time spent auto-exploring this place.
 F = Levels seen in this place.
 G = Mean time per level.
                   A        B        C        D        E       F      G
               +--------+--------+--------+--------+--------+-----+--------+
         Total |  41879 |  40283 |   1596 |  12173 |  20318 |  25 | 1675.2 |
       Dungeon |  26627 |  25466 |   1161 |   7603 |  13241 |  15 | 1775.1 |
          Lair |  11231 |  10876 |    355 |   3589 |   5093 |   6 | 1871.8 |
  Orcish Mines |   2295 |   2216 |     79 |    531 |   1159 |   2 | 1147.5 |
         Sewer |   1157 |   1157 |      0 |    394 |    479 |   1 | 1157.0 |
        Bailey |    569 |    569 |      0 |     56 |    346 |   1 |  569.0 |
               +--------+--------+--------+--------+--------+-----+--------+

Top non-repeatable levels by time:
  Lair:6: 2807 daAuts
     D:4: 2474 daAuts
    D:12: 2403 daAuts
    D:10: 2361 daAuts
  Lair:5: 2266 daAuts
  Lair:4: 2004 daAuts
     D:3: 1886 daAuts
     D:1: 1831 daAuts
     D:6: 1800 daAuts
  Lair:2: 1776 daAuts
    D:13: 1728 daAuts
    D:11: 1727 daAuts
     D:9: 1708 daAuts
     D:8: 1697 daAuts
     D:7: 1562 daAuts
